LNP
LARES FIELES @ LUQUILLO SOLES
08/15/1903
 
TOP OF THE 1ST
Lares Fieles batting - Pitching for Luquillo Soles : RHP Aldo Hernández
Pitching: RHP Aldo Hernández
Batting: SHB Milcíades Hinojo 0-0: Ball
1-0: Foul Ball, location: 7LMF
1-1: Ball
2-1: Ground out 3-1 (Groundball, 34, EV 164 KM/H)
Batting: RHB Richard Genge 0-0: Ball
1-0: Ball
2-0: Foul Ball, location: 2F
2-1: Ground out 4-3 (Groundball, 4M, EV 128 KM/H)
Batting: RHB Ron Hargrove 0-0: Fly out, F8 (Flyball, 8RS, EV 149 KM/H)
Top of the 1st over - 0 runs, 0 hits, 0 errors, 0 left on base; Lares 0 - Luquillo 0
BOTTOM OF THE 1ST
Luquillo Soles batting - Pitching for Lares Fieles : RHP Mateo Ramírez
Pitching: RHP Mateo Ramírez
Batting: RHB Semónides Hidalgo 0-0: Called Strike
0-1: Ball
1-1: Swinging Strike
1-2: Ball
2-2: Foul Ball, location: 7LSF
2-2: Fly out, F2 (Popup, 3SF, EV 129 KM/H)
Batting: RHB Adrián Parra 0-0: Ball
1-0: Ball
2-0: Foul Ball, location: 2F
2-1: Ball
3-1: Foul Ball, location: 3F
3-2: Foul Ball, location: 2F
3-2: Foul Ball, location: 25F
3-2: Ground out 6-3 (Groundball, 6, EV 127 KM/H)
Batting: RHB Julio Rubio 0-0: Called Strike
0-1: Swinging Strike
0-2: Foul Ball, location: 3F
0-2: Ball
1-2: Ball
2-2: Foul Ball, location: 3F
2-2: Reached on error, E6 (Groundball, 6, EV 163 KM/H)
Batting: RHB Prisco Santiago 0-0: Ball
1-0: Ball
2-0: Ball
3-0: Called Strike
3-1: Called Strike
3-2: Foul Ball, location: 25F
3-2: Ground out 5-3 (Groundball, 56, EV 161 KM/H)
Bottom of the 1st over - 0 runs, 0 hits, 1 error, 1 left on base; Lares 0 - Luquillo 0
TOP OF THE 2ND
Lares Fieles batting - Pitching for Luquillo Soles : RHP Aldo Hernández
Batting: RHB Asdrúbal Lomeli 0-0: Bunt missed!
0-1: SINGLE (Line Drive, 6MD, EV 175 KM/H)
Batting: RHB Medardo Ayala 0-0: Fly out, F3 (Line Drive, 3L, EV 104 KM/H)
Lined into DP, U3 (Line Drive, 3L, EV 104 KM/H)
Batting: RHB Rubén Guerrero 0-0: Called Strike
0-1: Ball
1-1: Foul Ball, location: 23F
1-2: Ball
2-2: SINGLE (Groundball, 6MD, EV 155 KM/H)
Batting: RHB Ramiro Martín 0-0: Ball
1-0: Reached on error, E9 (Flyball, 9LS, EV 122 KM/H)
Rubén Guerrero to third
Batting: RHB Nicolás Delgado 0-0: Ball
1-0: Foul Ball, location: 2LF
1-1: SINGLE (Groundball, 34D, EV 157 KM/H)
Rubén Guerrero scores
Ramiro Martín to third
Runner from 3rd tries for Home, SAFE, throw by RF to home
Nicolás Delgado to second
Batting: SHB Dalmacio Bucio 0-0: Ball
1-0: Ball
2-0: Called Strike
2-1: Ball
3-1: Foul Ball, location: 7LSF
3-2: SINGLE (Groundball, 6M, EV 151 KM/H)
Nicolás Delgado to third
Runner from 3rd tries for Home, SAFE, throw by CF to home
Batting: SHB Milcíades Hinojo 0-0: Foul Ball, location: 9LMF
0-1: Called Strike
Dalmacio Bucio is caught stealing 2nd base 2-6
Top of the 2nd over - 3 runs, 4 hits, 1 error, 0 left on base; Lares 3 - Luquillo 0
BOTTOM OF THE 2ND
Luquillo Soles batting - Pitching for Lares Fieles : RHP Mateo Ramírez
Batting: RHB Marcos Picart 0-0: Ball
1-0: Ball
2-0: Ball
3-0: Base on Balls
Batting: RHB Tirso Meléndez 0-0: Reached on error, E4 (Groundball, 3D, EV 152 KM/H)
Marcos Picart to third
Batting: RHB Jesús Vera 0-0: Foul Ball, location: 5FF
0-1: Ground out 6-3 (Groundball, 6D, EV 141 KM/H)
Batting: RHB Pedro Vargas 0-0: Called Strike
0-1: Foul Ball, location: 2F
0-2: Foul Ball, location: 3SF
0-2: Ball
1-2: Ground out 4-3 (Groundball, 4, EV 142 KM/H)
Marcos Picart scores
Tirso Meléndez to third
Batting: RHB Casimiro Tavárez 0-0: Ball
1-0: Ball
2-0: Ground out 4-3 (Groundball, 4, EV 135 KM/H)
Bottom of the 2nd over - 1 run, 0 hits, 1 error, 1 left on base; Lares 3 - Luquillo 1
TOP OF THE 3RD
Lares Fieles batting - Pitching for Luquillo Soles : RHP Aldo Hernández
DELAY Rain delay of 15 minutes in the 3rd inning.
Batting: SHB Milcíades Hinojo 0-0: Ball
1-0: Called Strike
1-1: Ball
2-1: Ground out 1-3 (Groundball, 34S, EV 118 KM/H)
Batting: RHB Richard Genge 0-0: SINGLE (Line Drive, 7S, EV 150 KM/H)
Batting: RHB Ron Hargrove 0-0: Swinging Strike
0-1: Ball
1-1: Ball
2-1: Ball
3-1: DOUBLE (Flyball, 89D, EV 163 KM/H)
Richard Genge to third
Batting: RHB Asdrúbal Lomeli 0-0: Foul Ball, location: 2F
0-1: Reached on error, E6 (Groundball, 56, EV 172 KM/H)
Richard Genge scores
Batting: RHB Medardo Ayala 0-0: Called Strike
0-1: SINGLE (Line Drive, 78M, EV 171 KM/H)
Ron Hargrove to third
Asdrúbal Lomeli to second
Runner from 3rd tries for Home, SAFE, throw by CF to home
Batting: RHB Rubén Guerrero 0-0: Ball
1-0: Ball
2-0: Fly out, F8 (Flyball, 8LD, EV 176 KM/H)
Batting: RHB Ramiro Martín 0-0: Ball
1-0: Called Strike
1-1: Ball
2-1: Ball
3-1: Base on Balls
Asdrúbal Lomeli to third
Medardo Ayala to second
Batting: RHB Nicolás Delgado 0-0: Swinging Strike
0-1: Ball
1-1: Swinging Strike
1-2: Ball
2-2: Ball
3-2: Foul Ball, location: 2F
3-2: Foul Ball, location: 25F
3-2: Fly out, F9 (Flyball, 9D, EV 178 KM/H)
Top of the 3rd over - 2 runs, 3 hits, 1 error, 3 left on base; Lares 5 - Luquillo 1
BOTTOM OF THE 3RD
Luquillo Soles batting - Pitching for Lares Fieles : RHP Mateo Ramírez
Batting: RHB Semónides Hidalgo 0-0: Called Strike
0-1: Swinging Strike
0-2: Ball
1-2: Ball
2-2: Strikes out swinging
Batting: RHB Adrián Parra 0-0: Ball
1-0: Reached on error, E3 (Groundball, 34S, EV 146 KM/H)
Batting: RHB Julio Rubio 0-0: Called Strike
0-1: Foul Ball, location: 2F
0-2: SINGLE (Line Drive, 89S, EV 146 KM/H)
Adrián Parra to second
Batting: RHB Prisco Santiago 0-0: Called Strike
0-1: Foul Ball, location: 2F
0-2: Ball
1-2: Ball
2-2: Ball
3-2: SINGLE (Line Drive, 8RS, EV 164 KM/H)
Adrián Parra to third
Julio Rubio to second
Runner from 3rd tries for Home, SAFE, throw by CF to home
Batting: RHB Marcos Picart 0-0: Called Strike
0-1: Ball
1-1: Ball
2-1: Fly out, F9 (Flyball, 9S, EV 138 KM/H)
Batting: RHB Tirso Meléndez 0-0: SINGLE (Groundball, 34D, EV 172 KM/H)
Julio Rubio to third
Prisco Santiago to second
Batting: RHB Jesús Vera 0-0: Ball
1-0: Fielders Choice at 2nd, 6-4 (Groundball, 6, EV 125 KM/H)
Bottom of the 3rd over - 1 run, 3 hits, 1 error, 3 left on base; Lares 5 - Luquillo 2
TOP OF THE 4TH
Lares Fieles batting - Pitching for Luquillo Soles : RHP Aldo Hernández
Batting: SHB Dalmacio Bucio 0-0: Ball
1-0: Ball
2-0: Ground out 6-3 (Groundball, 6, EV 150 KM/H)
Batting: SHB Milcíades Hinojo 0-0: Called Strike
0-1: Ground out 6-3 (Groundball, 6, EV 162 KM/H)
Batting: RHB Richard Genge 0-0: Foul Ball, location: 2F
0-1: Ball
1-1: Ball
2-1: Called Strike
2-2: Ground out 4-3 (Groundball, 4, EV 123 KM/H)
Top of the 4th over - 0 runs, 0 hits, 0 errors, 0 left on base; Lares 5 - Luquillo 2
BOTTOM OF THE 4TH
Luquillo Soles batting - Pitching for Lares Fieles : RHP Mateo Ramírez
Batting: RHB Pedro Vargas 0-0: Ball
1-0: Ball
2-0: Foul Ball, location: 2F
2-1: Fly out, F4 (Popup, 4D, EV 116 KM/H)
Batting: RHB Casimiro Tavárez 0-0: Called Strike
0-1: Ball
1-1: Foul Ball, location: 3DF
1-2: Ball
2-2: Reached on error, E4 (Groundball, 4S, EV 136 KM/H)
Batting: RHB Semónides Hidalgo 0-0: Called Strike
Casimiro Tavárez steals 2nd base
0-1: Ball
1-1: Ball
2-1: Foul Ball, location: 9LDF
2-2: Ball
3-2: Ground out 5-3 (Groundball, 5, EV 167 KM/H)
Batting: RHB Adrián Parra 0-0: Fly out, F8 (Flyball, 8LS, EV 139 KM/H)
Bottom of the 4th over - 0 runs, 0 hits, 1 error, 1 left on base; Lares 5 - Luquillo 2
TOP OF THE 5TH
Lares Fieles batting - Pitching for Luquillo Soles : RHP Aldo Hernández
Batting: RHB Ron Hargrove 0-0: Ball
1-0: Called Strike
1-1: Swinging Strike
1-2: Strikes out swinging
Batting: RHB Asdrúbal Lomeli 0-0: Ball
1-0: Called Strike
1-1: Ball
2-1: Ball
3-1: Base on Balls
Batting: RHB Medardo Ayala 0-0: Called Strike
0-1: Fly out, F7 (Flyball, 7D, EV 164 KM/H)
Batting: RHB Rubén Guerrero 0-0: Called Strike
Asdrúbal Lomeli is caught stealing 2nd base 2-4
Top of the 5th over - 0 runs, 0 hits, 0 errors, 0 left on base; Lares 5 - Luquillo 2
BOTTOM OF THE 5TH
Luquillo Soles batting - Pitching for Lares Fieles : RHP Mateo Ramírez
Batting: RHB Julio Rubio 0-0: Ball
1-0: Swinging Strike
1-1: Ball
2-1: Foul Ball, location: 25FF
2-2: Foul Ball, location: 3F
2-2: Fly out, F7 (Flyball, 8LS, EV 139 KM/H)
Batting: RHB Prisco Santiago 0-0: Swinging Strike
0-1: Reached on error, E5 (Groundball, 5L, EV 123 KM/H)
Batting: RHB Marcos Picart 0-0: Ball
Prisco Santiago steals 2nd base
1-0: Ground out U3 (Groundball, 34, EV 144 KM/H)
Prisco Santiago to third
Batting: RHB Tirso Meléndez 0-0: Called Strike
0-1: Ball
1-1: Ball
2-1: Fly out, F7 (Flyball, 7, EV 135 KM/H)
Bottom of the 5th over - 0 runs, 0 hits, 1 error, 1 left on base; Lares 5 - Luquillo 2
TOP OF THE 6TH
Lares Fieles batting - Pitching for Luquillo Soles : RHP Aldo Hernández
Batting: RHB Rubén Guerrero 0-0: Foul Ball, location: 23F
0-1: Ball
1-1: SINGLE (Line Drive, 4MD, EV 170 KM/H)
Batting: RHB Ramiro Martín 0-0: Called Strike
0-1: Ball
1-1: Bunted foul
1-2: Foul Ball, location: 9LSF
1-2: TRIPLE (Line Drive, 78XD, EV 166 KM/H)
Rubén Guerrero scores
Batting: RHB Nicolás Delgado 0-0: Ground out 4-3 (Groundball, 4S, EV 116 KM/H)
Ramiro Martín scores
Batting: SHB Dalmacio Bucio 0-0: Swinging Strike
0-1: Ball
1-1: Swinging Strike
1-2: Fly out, F6 (Popup, 6, EV 113 KM/H)
Batting: SHB Milcíades Hinojo 0-0: Swinging Strike
0-1: Foul Ball, location: 2F
0-2: Ball
1-2: Ball
2-2: Fly out, F7 (Flyball, 7S, EV 133 KM/H)
Top of the 6th over - 2 runs, 2 hits, 0 errors, 0 left on base; Lares 7 - Luquillo 2
BOTTOM OF THE 6TH
Luquillo Soles batting - Pitching for Lares Fieles : RHP Mateo Ramírez
Batting: RHB Jesús Vera 0-0: Ball
1-0: Fly out, F4 (Popup, 23, EV 141 KM/H)
Batting: RHB Pedro Vargas 0-0: Foul Ball, location: 23F
0-1: Foul Ball, location: 9LDF
0-2: Ball
1-2: Fly out, F7 (Flyball, 7S, EV 145 KM/H)
Batting: RHB Casimiro Tavárez 0-0: Fly out, F8 (Flyball, 78D, EV 135 KM/H)
Bottom of the 6th over - 0 runs, 0 hits, 0 errors, 0 left on base; Lares 7 - Luquillo 2
TOP OF THE 7TH
Lares Fieles batting - Pitching for Luquillo Soles : RHP Aldo Hernández
Batting: RHB Richard Genge 0-0: Foul Ball, location: 5F
0-1: Ground out 1-3 (Groundball, 34S, EV 116 KM/H)
Batting: RHB Ron Hargrove 0-0: Ball
1-0: Ground out U3 (Groundball, 34S, EV 143 KM/H)
Batting: RHB Asdrúbal Lomeli 0-0: Called Strike
0-1: Foul Ball, location: 9LSF
0-2: Hit by Pitch
Batting: RHB Medardo Ayala 0-0: Ball
Asdrúbal Lomeli steals 2nd base
1-0: Fly out, F4 (Popup, 4MD, EV 94 KM/H)
Top of the 7th over - 0 runs, 0 hits, 0 errors, 1 left on base; Lares 7 - Luquillo 2
BOTTOM OF THE 7TH
Luquillo Soles batting - Pitching for Lares Fieles : RHP Mateo Ramírez
Batting: RHB Semónides Hidalgo 0-0: Called Strike
0-1: Ground out 6-3 (Groundball, 6M, EV 137 KM/H)
Batting: RHB Adrián Parra 0-0: Called Strike
0-1: Ball
1-1: Fly out, F9 (Flyball, 9D, EV 170 KM/H)
Batting: RHB Julio Rubio 0-0: Called Strike
0-1: Ball
1-1: Ball
2-1: Fly out, F7 (Flyball, 78D, EV 159 KM/H)
Bottom of the 7th over - 0 runs, 0 hits, 0 errors, 0 left on base; Lares 7 - Luquillo 2
TOP OF THE 8TH
Lares Fieles batting - Pitching for Luquillo Soles : RHP Aldo Hernández
Batting: RHB Rubén Guerrero 0-0: Ball
1-0: SINGLE (Groundball, 34D, EV 172 KM/H)
Batting: RHB Ramiro Martín 0-0: Called Strike
0-1: Fly out, F8 (Flyball, 8RD, EV 173 KM/H)
Batting: RHB Nicolás Delgado 0-0: Foul Ball, location: 9LDF
0-1: Foul Ball, location: 2F
0-2: Fly out, F3 (Line Drive, 34, EV 110 KM/H)
Lined into DP, U3 (Line Drive, 34, EV 110 KM/H)
Top of the 8th over - 0 runs, 1 hit, 0 errors, 0 left on base; Lares 7 - Luquillo 2
BOTTOM OF THE 8TH
Luquillo Soles batting - Pitching for Lares Fieles : RHP Mateo Ramírez
Batting: RHB Prisco Santiago 0-0: Ball
1-0: Ball
2-0: Swinging Strike
2-1: Called Strike
2-2: Ground out 6-3 (Groundball, 6, EV 127 KM/H)
Batting: RHB Marcos Picart 0-0: Foul Ball, location: 2F
0-1: Ball
1-1: Ball
2-1: Fly out, F4 (Popup, 3S, EV 131 KM/H)
DELAY Rain delay of 64 minutes in the 8th inning.
Pitching: LHP José Muñoz
Batting: RHB Tirso Meléndez 0-0: Ground out 6-3 (Groundball, 6, EV 158 KM/H)
Bottom of the 8th over - 0 runs, 0 hits, 0 errors, 0 left on base; Lares 7 - Luquillo 2
TOP OF THE 9TH
Lares Fieles batting - Pitching for Luquillo Soles : RHP Aldo Hernández
Pitching: RHP Américo Monroy
Batting: SHB Dalmacio Bucio 0-0: Swinging Strike
0-1: Ball
1-1: Ball
2-1: Foul Ball, location: 23F
2-2: Strikes out looking
Batting: SHB Milcíades Hinojo 0-0: SINGLE (Line Drive, 9S, EV 151 KM/H)
Batting: RHB Richard Genge 0-0: Called Strike
Milcíades Hinojo is caught stealing 2nd base 2-4
0-1: Ball
1-1: Foul Ball, location: 2LF
1-2: Fly out, F6 (Popup, P, EV 126 KM/H)
Top of the 9th over - 0 runs, 1 hit, 0 errors, 0 left on base; Lares 7 - Luquillo 2
BOTTOM OF THE 9TH
Luquillo Soles batting - Pitching for Lares Fieles : LHP José Muñoz
Batting: RHB Jesús Vera 0-0: Called Strike
0-1: Called Strike
0-2: Ball
1-2: SINGLE (Line Drive, 7LS, EV 150 KM/H)
Batting: RHB Pedro Vargas 0-0: Ball
1-0: Swinging Strike
1-1: Foul Ball, location: 2F
1-2: Ball
2-2: Ball
3-2: Strikes out looking
Jesús Vera is caught stealing 2nd base 2-4
Batter strikes out.
Batting: RHB Casimiro Tavárez 0-0: Ball
1-0: Foul Ball, location: 3F
1-1: Swinging Strike
1-2: Ground out 4-3 (Groundball, 4, EV 144 KM/H)
Bottom of the 9th over - 0 runs, 1 hit, 0 errors, 0 left on base; Lares 7 - Luquillo 2
Monday, April 8th , 2024 - OOTP Baseball 25.2 Build 53